 Dungeon Crawl Stone Soup version 0.21.1-1-g345015f (webtiles) character file.

136 tyranidshit the Skirmisher (level 4, 0/40 HPs)
             Began as a Demonspawn Abyssal Knight on July 30, 2018.
             Was a Believer of Lugonu.
             Succumbed to an adder's poison
             ... on level 3 of the Dungeon.
             The game lasted 00:04:57 (1870 turns).

tyranidshit the Skirmisher (DsAK)                   Turns: 1870, Time: 00:04:58

Health: 0/40       AC: 12    Str: 13    XL:     4   Next: 98%
Magic:  5/5        EV:  5    Int: 13    God:    Lugonu [**....]
Gold:   112        SH:  0    Dex: 13    Spells: 3/3 levels left

rFire    . . .     SeeInvis +   a - +2 hand axe
rCold    . . .     Gourm    .   (no shield)
rNeg     . . .     Faith    .   f - +0 plate armour
rPois    .         Spirit   .   g - +0 helmet
rElec    .         Reflect  .   (no cloak)
rCorr    .         Harm     .   (no gloves)
MR       .....                  k - +0 pair of boots
Stlth    ..........             (no amulet)
HPRegen  0.13/turn              h - ring of see invisible
MPRegen  0.09/turn              (no ring)

@: lethally poisoned (0 -> -8)
A: repulsion field 1, powered by pain 1
a: Depart the Abyss, Bend Space, Renounce Religion


You were on level 3 of the Dungeon.
You worshipped Lugonu.
Lugonu was pleased with you.
You were not hungry.

You visited 1 branch of the dungeon, and saw 3 of its levels.
You visited the Abyss 1 time.

You collected 112 gold pieces.

Inventory:

Hand Weapons
 a - a +2 hand axe (weapon)
 d - a +0 hand axe
Armour
 b - a +0 leather armour
 f - a +0 plate armour (worn)
 g - a +0 helmet (worn)
 k - a +0 pair of boots (worn)
Jewellery
 h - a ring of see invisible (left hand)
Scrolls
 i - a scroll of enchant weapon
 j - 2 scrolls of teleportation
 n - a scroll of remove curse
Potions
 c - a potion of resistance
 l - 2 potions of brilliance
Books
 e - a book of Geomancy

   Spells                             Type                      Level
   a - Sandblast                      Earth                        1
   b - Passwall                       Transmutation/Earth          2
   c - Stone Arrow                    Conjuration/Earth            3
   d - Petrify                        Transmutation/Earth          4
   e - Lee's Rapid Deconstruction     Earth                        5
Comestibles
 m - a ration


   Skills:
 + Level 5.7 Fighting
 - Level 1.7 Axes
 - Level 1.7 Armour
 - Level 0.8 Dodging
 - Level 2.4 Invocations


You had 3 spell levels left.
You didn't know any spells.

Dungeon Overview and Level Annotations

Branches:
Dungeon (3/15)

Altars:
Fedhas


Innate Abilities, Weirdness & Mutations

You are surrounded by a mild repulsion field. (EV +2)
You sometimes gain a little power by taking damage.


Message History

You barely miss the adder.
The adder is almost dead.
The adder bites you.
* * * LOW HITPOINT WARNING * * *
You are lethally poisoned!
The adder poisons you! The adder barely misses you.
You completely miss the adder.
The adder is almost dead.
* * * LOW HITPOINT WARNING * * *
You feel sick. The adder bites you.
* * * LOW HITPOINT WARNING * * *
The adder bites you but does no damage.
Your plate armour prevents you from hitting the adder.
The adder is almost dead.
* * * LOW HITPOINT WARNING * * *
You feel sick. The adder bites you but does no damage.
You hit the adder.
You kill the adder!
Lugonu accepts your kill.
You die...

##...#.# #.# ##.##.#
#.# ........##.# #<#
##########.# #.#
.############## #.# #.#
...(.......[..# #.# #.#
#...#........###.####..
#.................##.
#....#@#####.######.##.
##. #†# #............
#.# #).######.##. #.#
#..# #.##. #.# #..#
#.##. #.# #..######.##.
... #..#......... ...
...#.####.... #.# ####.


There were no monsters in sight!

Vanquished Creatures
  An orc priest (D:3)
  5 adders
  An ooze (D:1)
  3 dart slugs
  A leopard gecko (D:2)
  2 orcs (D:3)
  A giant cockroach (D:2)
  4 goblins
  5 hobgoblins (D:1)
  2 jackals (D:1)
  A quokka (D:3)
  A ball python (D:2)
  7 bats
  6 frilled lizards
  A giant cockroach zombie (D:1)
  8 kobolds
  A quokka zombie (D:1)
  6 rats
56 creatures vanquished.

Notes
Turn   | Place    | Note
-------+----------+-------------------------------------------
     0 | Abyss:1  | tyranidshit the Demonspawn Abyssal Knight began the quest for the Orb.
     0 | Abyss:1  | Reached XP level 1. HP: 18/18 MP: 2/2
    69 | Abyss:1  | Noticed a spatial maelstrom
    69 | Abyss:1  | Noticed a small abomination
   139 | Abyss:2  | Noticed a starcursed mass
   148 | D:1      | Escaped the Abyss
   297 | D:1      | Gained mutation: You are surrounded by a mild repulsion field. (EV +2) [demonic ancestry]
   297 | D:1      | Reached XP level 2. HP: 16/24 MP: 3/3
   362 | D:1      | Reached * piety under Lugonu
   371 | D:1      | Reached skill level 4 in Fighting
   556 | D:1      | Gained mutation: You sometimes gain a little power by taking damage. [demonic ancestry]
   556 | D:1      | Reached XP level 3. HP: 28/30 MP: 4/4
  1257 | D:2      | Found a blossoming altar of Fedhas.
  1349 | D:2      | Reached XP level 4. HP: 38/38 MP: 5/5
  1366 | D:2      | Reached ** piety under Lugonu
  1388 | D:2      | Reached skill level 5 in Fighting
  1868 | D:3      | HP: 2/40 [adder (3)]
  1870 | D:3      | Succumbed to an adder's poison

Skill      XL: |  1  2  3  4 |
---------------+-------------+-----
Fighting       | 4 5 |  5.7
Axes           | |  1.7
Armour         | |  1.7
Dodging        | |  0.8
Invocations    | |  2.4

Action                   |  1- 3 |  4- 6 || total
-------------------------+-------+-------++-------
Melee: Hand axe          |   149 |    69 ||   218
Invok: Depart the Abyss  |     1 |       ||     1
  Use: Potion            |     4 |       ||     4
       Scroll            |     6 |     1 ||     7
  Eat: Ration            |     1 |     1 ||     2
Armor: Plate armour      |   148 |    54 ||   202
Dodge: Dodged            |    58 |    24 ||    82
